 Dungeon Crawl Stone Soup version 0.25.0-9-g26727b657a (webtiles) character file.

Game seed: 18310240372130275434

975 HungrySpirit the Chopper (level 7, -3/66 HPs)
             Began as a Deep Dwarf Monk on June 17, 2020.
             Splashed by a jelly's acid (6 damage)
             ... on level 5 of the Dungeon.
             The game lasted 00:12:16 (4689 turns).

HungrySpirit the Chopper (Deep Dwarf Monk)          Turns: 4689, Time: 00:12:16

Health: -3/66      AC: -6    Str: 16    XL:     7   Next: 95%
Magic:  2/2        EV:  6    Int: 11    God:
Gold:   257        SH:  0    Dex: 15    Spells: 6/6 levels left

rFire    . . .     SeeInvis .   a - +0 hand axe
rCold    . . .     Gourm    .   (no shield)
rNeg     . . .     Faith    .   A - +0 plate armour
rPois    +         Spirit   .   (no helmet)
rElec    .         Reflect  .   v - +0 cloak
rCorr    .         Harm     .   (no gloves)
MR       +....                  (no boots)
Stlth    ..........             (no amulet)
HPRegen  0.00/turn              i - ring of poison resistance
MPRegen  0.08/turn              (no ring)

@: corroded, non-regenerating
A: damage resistance, heal wounds, sense surroundings 1, no regeneration
a: Heal Wounds


You were on level 5 of the Dungeon.
You were not hungry.

You visited 2 branches of the dungeon, and saw 6 of its levels.

You collected 257 gold pieces.

Inventory:

Hand Weapons
 a - a +0 hand axe (weapon)
 n - a +0 war axe
Missiles
 h - 29 poisoned darts (quivered)
Armour
 s - a +0 tower shield
 v - a +0 cloak (worn)
 A - a +0 plate armour (worn)
Jewellery
 i - a ring of poison resistance (left hand)
Wands
 m - a wand of digging (4)
Scrolls
 b - 2 scrolls of fog {unknown}
 j - a scroll of remove curse
 k - a scroll of random uselessness {unknown}
 p - 2 scrolls of amnesia
 r - a scroll of enchant armour {unknown}
 t - 3 scrolls of identify
 y - a scroll of noise {unknown}
Potions
 d - 2 potions of stabbing {unknown}
 e - a potion of curing
 f - a potion of heal wounds {unknown}
 g - 2 potions of brilliance
 l - a potion of cancellation
 o - 2 potions of might {unknown}
 q - a potion of haste {unknown}
 u - 2 potions of lignification {unknown}
 w - a potion of mutation
 x - a potion of ambrosia {unknown}
Comestibles
 c - 5 rations
 z - 6 chunks of flesh


   Skills:
 + Level 4.9 Fighting
 * Level 7.9 Axes
 + Level 4.7 Armour
 - Level 3.2 Dodging
 - Level 2.4 Stealth


You had 6 spell levels left.
You didn't know any spells.
Your spell library was empty.

Dungeon Overview and Level Annotations

Branches:
Dungeon (5/15)             Temple (1/1) D:4

Altars:
Ashenzari
Cheibriados
Elyvilon
Fedhas
Gozag
Kikubaaqudgha
Nemelex Xobeh
Okawaru
Qazlal
Sif Muna
Trog
Uskayaw
Vehumet
Wu Jian
Yredelemnul
The Shining One
Lugonu

Shops:
D:5 %


Innate Abilities, Weirdness & Mutations

You are resistant to damage.
You can heal yourself by infusing magical energy.
You passively map a small area around you.
You do not regenerate.


Message History

The jelly is severely wounded.
The jelly jiggles.
The jelly hits you. The acid corrodes you!
You are splashed with acid!
You hit the jelly but do no damage.
Your hands burn!
* * * LOW HITPOINT WARNING * * *
The jelly is severely wounded.
The jelly hits you.
You are splashed with acid.
* * * LOW HITPOINT WARNING * * *
Your plate armour prevents you from hitting the jelly.
The jelly is severely wounded.
You hit the jelly but do no damage.
Your hands burn!
* * * LOW HITPOINT WARNING * * *
The jelly is severely wounded.
The jelly hits you.
* * * LOW HITPOINT WARNING * * *
The acid corrodes you!
You are splashed with acid!
* * * LOW HITPOINT WARNING * * *
You fail to use your ability.
The jelly hits you. The acid corrodes you!
You are splashed with acid!
You die...

..#.....####...###
.........###.....#
..........))....##### ###
...........)#....#..#...#
.......#................#
......####.......<..#..##
......####........### *
...#...##........##
...#..###.......@######
..##....##..#...J......#
#.###.#.##.##....#.###..
* ..# #.................
, ..# ##.......#.......#
* ..###.....#......#.....
* ,,
....#...#.....#.....#...,
..#.#..#....#....#....#.
, ..#..#...#...#...#...#
*


You could see a jelly.

Vanquished Creatures
  Menkaure (D:5)
  3 sky beasts
  A crimson imp (D:2)
  A centaur zombie (D:5)
  5 hounds
  An orc priest (D:5)
  2 orc wizards (D:4)
  3 iguanas
  2 worker ants (D:4)
  4 gnolls (D:3)
  2 adders (D:3)
  2 oozes (D:5)
  4 worms
  A dart slug (D:1)
  2 leopard geckos
  21 orcs
  4 giant cockroaches
  9 goblins
  7 hobgoblins
  13 jackals
  4 quokkas
  9 bats
  6 frilled lizards
  8 kobolds
  7 rats
122 creatures vanquished.

Vanquished Creatures (others)
  An orc wizard (D:5)
1 creature vanquished.

Grand Total: 123 creatures vanquished

Notes
Turn   | Place    | Note
-------+----------+-------------------------------------------
     0 | D:1      | HungrySpirit the Deep Dwarf Monk began the quest for the
                  | Orb.
     0 | D:1      | Reached XP level 1. HP: 20/20 MP: 1/1
   210 | D:1      | Reached XP level 2. HP: 21/27 MP: 2/2
   325 | D:1      | Reached skill level 1 in Armour
   469 | D:1      | Reached skill level 4 in Axes
   560 | D:1      | Reached XP level 3. HP: 17/34 MP: 3/3
  1496 | D:2      | Reached XP level 4. HP: 18/42 MP: 3/3
  1812 | D:3      | Found an opulent altar of Gozag.
  1814 | D:3      | Found a shattered altar of Ashenzari.
  1933 | D:3      | Found a white marble altar of Elyvilon.
  2320 | D:3      | Found a bloodstained altar of Trog.
  2513 | D:3      | Reached skill level 5 in Axes
  2629 | D:3      | Reached XP level 5. HP: 34/49 MP: 4/4
  2994 | D:3      | Found an ornate altar of the Wu Jian Council.
  3114 | D:4      | Found a staircase to the Ecumenical Temple.
  3154 | Temple   | Entered the Ecumenical Temple
  3214 | D:4      | Reached XP level 6. HP: 21/57 MP: 5/5
  3363 | D:4      | Reached skill level 6 in Axes
  3430 | D:4      | Found a sparkling altar of Nemelex Xobeh.
  3520 | D:4      | Found a sparkling altar of Nemelex Xobeh.
  3753 | D:4      | Found a radiant altar of Vehumet.
  3952 | D:5      | Entered Level 5 of the Dungeon
  3974 | D:5      | Found Ynaigaf's Food Shop.
  3974 | D:5      | Noticed Menkaure
  4025 | D:5      | Reached XP level 7. HP: 10/64 MP: 5/5
  4149 | D:5      | Found a hide-covered altar of Uskayaw.
  4177 | D:5      | Reached skill level 7 in Axes
  4458 | D:5      | HP: 2/66 [Menkaure (10)]
  4461 | D:5      | Killed Menkaure
  4688 | D:5      | HP: 3/66 [acid (4)]
  4689 | D:5      | Splashed by a jelly's acid

Illustrated notes

Levels and vault maps discovered:
D:1:      co_arrival_random_square_maze, layout_basic
D:2:      layout_loops_cross, first_ration, minmay_misc_feat_alley
D:3:      minmay_razor_zed, layout_loops_ring,
          chequers_temple_overflow_statue_of_worship, lemuel_doored_altar,
          lemuel_coloured_pillars_altar, trog_three_pillars_becter
D:4:      layout_gridville, kennysheep_mini_moat,
          nemelex_xobeh_ov_fountains_minmay, temple_doors_e, kennysheep_nub,
          nemelex_diamond_rough_becter
D:5:      layout_cave_pools, eat_drink_and_be_merry_uskayaw, serial_shops, shop,
          minmay_increasing_density, uniq_menkaure
Temple:   corrupted_temple

Skill      XL: |  1  2  3  4  5  6  7 |
---------------+----------------------+-----
Armour         | 1 2 3 4 |  4.7
Fighting       | 3 4 |  4.9
Axes           | 4 5 6 7 |  7.9
Dodging        | |  3.2
Stealth        | |  2.4

Action                   |  1- 3 |  4- 6 |  7- 9 || total
-------------------------+-------+-------+-------++-------
Melee: Hand axe          |   148 |   275 |    89 ||   512
       War axe           |       |     1 |       ||     1
Throw: Dart              |     6 |    85 |    42 ||   133
 Abil: Heal Wounds       |     1 |     2 |     8 ||    11
  Use: Scroll            |       |     6 |       ||     6
       Potion            |       |       |     5 ||     5
 Stab: Sleeping          |     3 |       |       ||     3
  Eat: Chunk             |     2 |     8 |       ||    10
       Ration            |       |       |     1 ||     1
Armor: Robe              |    14 |       |       ||    14
       Leather armour    |    19 |       |       ||    19
       Chain mail        |     9 |   170 |       ||   179
       Plate armour      |       |    20 |    51 ||    71
Dodge: Dodged            |   102 |   117 |    37 ||   256
